 Dungeon Crawl Stone Soup version 0.30.0-10-gfe55d96785 (webtiles) character file.

Game seed: 14351090370825968577

529 Jackthecabe the Covert (level 7, -3/46 HPs)
             Began as a Vampire Conjurer on May 14, 2023.
             Slain by an orc
             ... wielding a +1 morningstar of protection
              (10 damage)
             ... on level 4 of the Dungeon.
             The game lasted 00:11:24 (4890 turns).

Jackthecabe the Covert (Vampire Conjurer)           Turns: 4890, Time: 00:11:24

Health: -3/46      AC:  4    Str:  6    XL:     7   Next: 3%
Magic:  1/10       EV: 11    Int: 20    God:
Gold:   184        SH:  3    Dex: 15    Spells: 6/10 levels left

rFire   . . .        t - +1 dagger (pain)
rCold   . . .        l - +0 buckler
rNeg    . . .        a - +0 robe
rPois   .            (no helmet)
rElec   .            (no cloak)
rCorr   .            q - +0 pair of gloves
SInv    +            h - +0 pair of boots
Will    .....        (no amulet)
Stlth   ++++         (no ring)
HPRegen 0.47/turn    (no ring)
MPRegen 0.12/turn

%: no passive effects
@: healing quickly
A: alive, fangs 3, see invisible, vampiric 2
a: Exsanguinate


You were on level 4 of the Dungeon.
You visited 1 branch of the dungeon, and saw 4 of its levels.

You collected 184 gold pieces.


Innate Abilities, Weirdness & Mutations

Your natural rate of healing is accelerated.
You have razor-sharp teeth.
You have supernaturally acute eyesight. (SInv)
You are afflicted with vampirism and can become a bat while bloodless.


   Skills:
 + Level 4.6 Short Blades
 - Level 2.1 Dodging
 + Level 8.1 Stealth
 - Level 2.0 Spellcasting
 - Level 4.0 Conjurations


You had 6 spell levels left.
You knew the following spells:

 Your Spells              Type           Power      Damage    Failure   Level
d - Dazzling Flash        Conj/Hex       20%        N/A       36%         3
m - Magic Dart            Conj           72%        1d6       5%          1

Your spell library contained the following spells:

 Spells                   Type           Power      Damage    Failure   Level
 Searing Ray              Conj           36%        2d5       9%          2
 Kiss of Death            Conj/Necr      40%        2d8       12%         1
 Inner Flame              Hex/Fire       2%         N/A       63%         3
 Volatile Blastmotes      Fire/Tloc      4%         2d10      63%         3
 Flame Wave               Conj/Fire      10%        2d6       77%         4
 Fulminant Prism          Conj/Hex       5%         3d7       77%         4
 Iskenderun's Mystic Bla  Conj/Tloc      10%        2d4       77%         4
 Sticky Flame             Conj/Fire      10%        2d3       77%         4
 Starburst                Conj/Fire      5%         6d4       100%        6

Inventory:

Hand Weapons
 k - a +0 dagger
 t - a +1 dagger of pain (weapon)
Armour
 a - a +0 robe (worn)
 h - a +0 pair of boots (worn)
 l - a +0 buckler (worn)
 q - a +0 pair of gloves (worn)
 u - a +0 helmet
Magical Staves
 r - a staff of conjuration {!a}
Wands
 p - a wand of iceblast (9)
Scrolls
 d - a scroll of fog {unknown}
 f - a scroll of teleportation {unknown}
 i - 4 scrolls of identify {unknown}
 m - 2 scrolls of magic mapping {unknown}
 n - a scroll of enchant weapon {unknown}
 s - a scroll of summoning {unknown}
 v - a scroll of vulnerability {unknown}
Potions
 b - a potion of magic
 c - a potion of cancellation {unknown}
 e - 2 potions of lignification
 g - a potion of curing {unknown}
 j - 2 potions of heal wounds {unknown}
 o - a potion of brilliance {unknown}

Dungeon Overview and Level Annotations

Branches:
Dungeon (4/15)
 Temple: D:4-7

Altars:
Cheibriados
Sif Muna
Trog

#.# ......####
##.####..........
+....J.).(.....>##
##.####....).....
#.# .#.....#.# ...
....#....# ....
.........# ......
.......#o# ###.##
+#.....†@# ...
#.###...# #
....... ....###.#.
.... ....# ... #.#
# .. #.# #.#


You could see an orc.


Message History

Your magical contamination has completely faded away.
The magic dart hits the orc but does no damage.
The orc hits you with a +1 morningstar of protection.
The magic dart hits the orc but does no damage.
The orc hits you with a +1 morningstar of protection!
The magic dart hits the orc but does no damage.
You block the orc's attack.
You are out of magic!
You hit the orc but do no damage. The orc hits you but does no damage.
You barely miss the orc. You bite the orc, but do no damage.
The orc hits you with a +1 morningstar of protection!
You closely miss the orc. Your bite misses the orc.
The orc hits you with a +1 morningstar of protection!
* * * LOW HITPOINT WARNING * * *
You are too injured to fight recklessly!
You are too injured to fight recklessly!
You are too injured to fight recklessly!
The orc attacks as you move away! You block the orc's attack.
There is a stone staircase leading up here.
You closely miss the orc. You bite the orc.
The orc is lightly wounded.
The orc closely misses you.
You hit the orc but do no damage.
The orc is lightly wounded.
The orc hits you with a +1 morningstar of protection!
* * * LOW HITPOINT WARNING * * *
You completely miss the orc.
The orc is lightly wounded.
The orc hits you with a +1 morningstar of protection!
You die...

Skill      XL: |  1  2  3  4  5  6 |
---------------+-------------------+-----
Conjurations   | 3 4 |  4.0
Stealth        | 4 5 6 8 |  8.1
Short Blades   | 2 3 4 |  4.6
Dodging        | |  2.1
Spellcasting   | |  2.0

Action                     |  1- 3 |  4- 6 |  7- 9 || total
---------------------------+-------+-------+-------++-------
  Melee: Club              |     8 |       |       ||     8
         Bite              |     1 |    19 |     2 ||    22
         Dagger            |    22 |   166 |     6 ||   194
         Punch             |       |     1 |       ||     1
   Cast: Magic Dart        |    64 |   147 |    14 ||   225
    Use: Potion            |       |     1 |       ||     1
   Stab: Sleeping          |     3 |     2 |       ||     5
 Armour: Robe              |     9 |    68 |     1 ||    78
         Skin              |       |     2 |       ||     2
  Dodge: Dodged            |    25 |   166 |     1 ||   192
  Block: Buckler           |       |    20 |     2 ||    22

Levels and vault maps discovered:
D:1:      lightli_arrival_flooded_house, layout_basic
D:2:      layout_basic, basic_altar, uniq_natasha
D:3:      layout_rooms, nzn_overflow_gifts_of_might_and_magic,
          hangedman_glass_teeth, uniq_robin, uniq_jessica
D:4:      layout_basic, minmay_temple_entry_poolview, hangedman_decor_growths

Notes
Turn   | Place    | Note
-------+----------+-------------------------------------------
     0 | D:1      | Jackthecabe the Vampire Conjurer began the quest for the
                  | Orb.
     0 | D:1      | Reached XP level 1. HP: 13/13 MP: 3/3
    13 | D:1      | Reached skill level 3 in Conjurations
   379 | D:1      | Reached XP level 2. HP: 19/19 MP: 0/5
   541 | D:1      | You fall into a shaft and drop 1 floor!
   543 | D:2      | Noticed Natasha
   689 | D:2      | Found a snail-covered altar of Cheibriados.
   927 | D:1      | Gained mutation: You are afflicted with vampirism and can
                  | become a bat while bloodless. [Vampire growth]
   927 | D:1      | Reached XP level 3. HP: 24/24 MP: 2/6
  1577 | D:2      | Killed Natasha
  1578 | D:2      | Reached skill level 4 in Stealth
  1578 | D:2      | Reached XP level 4. HP: 30/30 MP: 7/7
  1622 | D:2      | Reached skill level 4 in Conjurations
  1701 | D:2      | Reached skill level 1 in Short Blades
  1832 | D:2      | Noticed Natasha
  1975 | D:1      | HP: 2/30 [Natasha (6)]
  1979 | D:1      | Killed Natasha
  2382 | D:2      | Learned a level 3 spell: Dazzling Flash
  2444 | D:3      | Noticed Robin
  2449 | D:2      | Reached skill level 5 in Stealth
  2519 | D:2      | Reached skill level 2 in Short Blades
  2595 | D:2      | HP: 3/30 [orc/+0 flail (8)]
  2596 | D:2      | HP: 1/30 [orc/+0 flail (3)]
  2598 | D:2      | Reached XP level 5. HP: 2/35 MP: 3/8
  2788 | D:3      | Noticed Jessica
  2791 | D:3      | Killed Jessica
  2799 | D:3      | Found a bloodstained altar of Trog.
  2826 | D:3      | Reached skill level 6 in Stealth
  3090 | D:3      | Reached skill level 3 in Short Blades
  3143 | D:3      | Found a shimmering blue altar of Sif Muna.
  3150 | D:3      | Got Sif Muna's Volume of Disestablishmentarianism
  3377 | D:3      | Reached XP level 6. HP: 41/41 MP: 2/9
  3709 | D:3      | Killed Robin
  3916 | D:3      | Reached skill level 7 in Stealth
  3916 | D:3      | HP: 6/61 [poisoned by a scorpion]
  4231 | D:4      | Reached skill level 4 in Short Blades
  4777 | D:4      | Reached skill level 8 in Stealth
  4777 | D:4      | Reached XP level 7. HP: 42/46 MP: 2/10
  4890 | D:4      | Slain by an orc

Vanquished Creatures
  2 scorpions
  A jelly (D:4)
  2 orc priests (D:3)
  Jessica (D:3)
  Natasha (twice) (D:2 D:1)
  2 orc wizards
  Robin (D:3)
  A gnoll (D:3)
  4 adders
  A white imp (D:3)
  An ufetubus (D:4)
  A worm (D:3)
  3 dart slugs (D:1)
  11 orcs
  3 ball pythons
  4 endoplasms
  3 giant cockroaches
  12 goblins
  8 hobgoblins
  3 jackals (D:2)
  7 quokkas
  8 bats
  4 frilled lizards
  8 kobolds
  4 rats
97 creatures vanquished.

Table legend: (Time is in decaauts)
 A = Elapsed time spent in this place.
 B = Non-inter-level travel time spent in this place.
 C = Inter-level travel time spent in this place.
 D = Time resting spent in this place.
 E = Time spent auto-exploring this place.
 F = Levels seen in this place.
 G = Mean time per level.
                   A        B        C        D        E       F      G
               +--------+--------+--------+--------+--------+-----+--------+
         Total |   4879 |   4687 |    192 |    431 |   3108 |   4 | 1219.8 |
       Dungeon |   4879 |   4687 |    192 |    431 |   3108 |   4 | 1219.8 |
               +--------+--------+--------+--------+--------+-----+--------+

Top non-repeatable levels by time:
     D:3: 1414 daAuts
     D:2: 1367 daAuts
     D:1: 1363 daAuts
     D:4: 733 daAuts

Table legend:
 A = Non-vault XP
 B = Vault XP
 C = Vault XP percentage of total XP
 D = Non-vault monster count
 E = Vault monster count
 F = Vault count percentage of total count
                 A         B        C        D         E       F
            +---------+---------+-------+---------+---------+-------
      Total |     625 |     131 |  17.3 |      82 |      15 |  15.5
            +---------+---------+-------+---------+---------+-------
        D:1 |      95 |       0 |   0.0 |      32 |       0 |   0.0
        D:2 |     104 |      40 |  27.8 |      25 |       3 |  10.7
        D:3 |     206 |      91 |  30.6 |      10 |      12 |  54.5
        D:4 |     220 |       0 |   0.0 |      15 |       0 |   0.0
            +---------+---------+-------+---------+---------+-------
